 Dungeon Sprint DCSS version 0.28-a0-793-g31680bbd8b (webtiles) character file.

Game seed: 13735911452326974072

3700000 ytrimaz the Champion of Chaos (level 21, -9/204 HPs)
             Began as a Gnoll Monk on Nov 4, 2021.
             Was the Champion of Makhleb.
             Engulfed by a cloud of flame (14 damage)
             ... in the Dungeon (Sprint VIII: "Arena of Blood") on Nov 10, 2021.
             The game lasted 00:02:51 (37 turns).

ytrimaz the Champion of Chaos (Gnoll Monk)            Turns: 37, Time: 00:02:51

Health: -9/204     AC:  4    Str: 18    XL:     21   Next: 67%
Magic:  8/52       EV: 28    Int: 11    God:    Makhleb [******]
Gold:   0          SH:  0    Dex: 16    Spells: 74/74 levels left

rFire   . . .      SeeInvis .   h - +∞ Axe of Woe
rCold   . . .      Faith    .   (shield currently unavailable)
rNeg    . . .      Spirit   .   a - +0 robe
rPois   .          Reflect  .   (no helmet)
rElec   .          Harm     .   (no cloak)
rCorr   .          Rampage  .   (no gloves)
Will    +....      NoTele   +   (no boots)
Stlth   ++++++++++              (no amulet)
HPRegen 0.44/turn               (no ring)
MPRegen 0.33/turn               (no ring)

@: no status effects
A: fangs 1, strong nose, distributed training
a: Renounce Religion, Minor Destruction, Lesser Servant of Makhleb, Major
Destruction, Greater Servant of Makhleb


You were in the Dungeon.
You worshipped Makhleb.
Makhleb was exalted by your worship.
You visited 1 branch

Inventory:

Hand Weapons
 h - the +∞ Axe of Woe (weapon)
   (You found it in the Dungeon)
Armour
 a - a +0 robe (worn)
Scrolls
 g - a scroll of blinking
Potions
 b - a potion of curing
 c - a potion of heal wounds
 d - a potion of haste
 e - 2 potions of magic
 f - a potion of berserk rage


   Skills:
 O Level 27 Fighting
 O Level 27 Short Blades
 O Level 27 Long Blades
 O Level 27 Axes
 O Level 27 Maces & Flails
 O Level 27 Polearms
 O Level 27 Staves
 O Level 27 Slings
 O Level 27 Bows
 O Level 27 Crossbows
 O Level 27 Throwing
 O Level 27 Armour
 O Level 27 Dodging
 O Level 27 Stealth
 O Level 27 Shields
 O Level 27 Unarmed Combat
 O Level 27 Spellcasting
 O Level 27 Conjurations
 O Level 27 Hexes
 O Level 27 Summonings
 O Level 27 Necromancy
 O Level 27 Translocations
 O Level 27 Transmutations
 O Level 27 Fire Magic
 O Level 27 Ice Magic
 O Level 27 Air Magic
 O Level 27 Earth Magic
 O Level 27 Poison Magic
 O Level 27 Invocations
 O Level 27 Evocations


You had 74 spell levels left.
You didn't know any spells.
Your spell library was empty.

Dungeon Overview and Level Annotations

Branches:
Dungeon (1/1)

Altars:
Makhleb

Annotations:
D The Servant


Innate Abilities, Weirdness & Mutations

You have very sharp teeth.
Your uncanny sense of smell can sniff out nearby items.
Your experience applies equally to all skills.


Message History

You feel better.
The sculptor of flesh appears out of thin air!
A sculptor of flesh comes into view. It is wielding a +9 great sword.
You hear a shout! x7
You cannot train any new skills!
Unknown command.
Unknown command.
Unknown command.
You hear a shout! x2
The bag of meat is engulfed in blazing flames.
You hear a shout! x8
Unknown command.
A vampire knight and a skeletal warrior come into view.
The destroyer is wielding a +9 vorpal great sword.
You hear a shout! x2
The bag of meat is engulfed in blazing flames.
You hear a shout! x4
The destroyer moves out of view.
You hear a shout! x2
The Servant hits you from afar with a +9 glaive of flaming!!!!
Ouch! That really hurt!
The Servant burns you!!
* * * LOW HITPOINT WARNING * * *
You hear a shout!
A meat berserker comes into view. It is wielding a +9 battleaxe.
You hear a shout! x3
Unknown command.
You hit the bag of meat.
You pulverise the bag of meat into a thin bloody mist.
You kill the bag of meat!
Makhleb accepts your kill.
You feel better.
You hit the large bag of meat.
Flame seeps out of the large bag of meat.
You butcher the large bag of meat messily.
Makhleb accepts your kill.
The large bag of meat explodes!
The fiery explosion engulfs you!!!
* * * LOW HITPOINT WARNING * * *
You are engulfed in blazing flames.
You die...

....... .O
####.....##.##.
................
#..........#.#.....
#..................
#..z..............
..#...§§...........
.....§○@)@.O.......
.......§...○o.....
......#..)§)§.# .
#.....#O.)))☼.# ...
....###z.).)○.###.O..
z......o.###°).......
.#.....o.._.)........
......#...).#.......
.....#_.<._#.......


You could see The Servant, 3 sculptors of flesh, a large bag of meat (inner
flame), 2 meat berserkers and 3 bags of meat.

Vanquished Creatures
  14 ogres (D)
  3 two-headed ogres (D)
  27 orcs (D)
44 creatures vanquished.

Notes
Turn   | Place    | Note
-------+----------+-------------------------------------------
     0 | D        | Found the +∞ Axe of Woe
     0 | D        | ytrimaz the Gnoll Monk began the quest for the Orb.
     0 | D        | Reached XP level 1. HP: 23/23 MP: 1/1
     2 | D        | Noticed a meat berserker
     3 | D        | Noticed a bag of meat
     4 | D        | Killed a meat berserker
     4 | D        | Noticed a bag of meat
     4 | D        | Noticed a bag of meat
     5 | D        | Reached XP level 2. HP: 39/39 MP: 1/14
     5 | D        | Reached XP level 3. HP: 45/45 MP: 1/15
     5 | D        | Reached XP level 4. HP: 52/52 MP: 1/17
     5 | D        | Reached XP level 5. HP: 58/58 MP: 1/18
     5 | D        | Reached XP level 6. HP: 65/65 MP: 1/20
     5 | D        | Reached XP level 7. HP: 71/71 MP: 1/21
     5 | D        | Reached XP level 8. HP: 78/78 MP: 1/23
     5 | D        | Reached XP level 9. HP: 84/84 MP: 1/24
     5 | D        | Reached XP level 10. HP: 91/91 MP: 1/25
     5 | D        | Reached XP level 11. HP: 97/97 MP: 1/26
     5 | D        | Reached XP level 12. HP: 103/103 MP: 1/27
     5 | D        | Became a worshipper of Makhleb the Destroyer
     5 | D        | Reached * piety under Makhleb
     5 | D        | Reached ** piety under Makhleb
     5 | D        | Noticed a meat berserker
     7 | D        | Noticed a meat berserker
     8 | D        | Killed a bag of meat
     9 | D        | Reached skill level 10 in Conjurations
     9 | D        | Reached skill level 10 in Hexes
     9 | D        | Reached skill level 10 in Summonings
     9 | D        | Reached skill level 10 in Necromancy
     9 | D        | Reached skill level 10 in Translocations
     9 | D        | Reached skill level 10 in Transmutations
     9 | D        | Reached skill level 10 in Fire Magic
     9 | D        | Reached skill level 10 in Ice Magic
     9 | D        | Reached skill level 10 in Air Magic
     9 | D        | Reached skill level 10 in Earth Magic
     9 | D        | Reached skill level 10 in Poison Magic
     9 | D        | Killed a meat berserker
    10 | D        | Reached skill level 15 in Fighting
    10 | D        | Reached skill level 15 in Dodging
    10 | D        | Reached skill level 15 in Unarmed Combat
    10 | D        | Reached XP level 13. HP: 115/115 MP: 2/30
    10 | D        | Noticed a bag of meat
    11 | D        | Killed a meat berserker
    12 | D        | Reached skill level 15 in Stealth
    12 | D        | Reached XP level 14. HP: 125/125 MP: 2/32
    13 | D        | Noticed a meat berserker
    14 | D        | Killed a bag of meat
    14 | D        | Reached *** piety under Makhleb
    14 | D        | Noticed a meat berserker
    14 | D        | Noticed a bag of meat
    14 | D        | Noticed a meat berserker
    15 | D        | Reached skill level 15 in Short Blades
    15 | D        | Reached skill level 15 in Long Blades
    15 | D        | Reached skill level 15 in Axes
    15 | D        | Reached skill level 15 in Maces & Flails
    15 | D        | Reached skill level 15 in Polearms
    15 | D        | Reached skill level 15 in Staves
    15 | D        | Reached skill level 15 in Slings
    15 | D        | Reached skill level 15 in Bows
    15 | D        | Reached skill level 15 in Crossbows
    15 | D        | Reached skill level 15 in Throwing
    15 | D        | Reached skill level 15 in Armour
    15 | D        | Reached skill level 15 in Shields
    15 | D        | Reached skill level 15 in Spellcasting
    15 | D        | Reached skill level 15 in Evocations
    15 | D        | Noticed a bag of meat
    15 | D        | Noticed a bag of meat
    15 | D        | Noticed a bag of meat
    15 | D        | Noticed a bag of meat
    15 | D        | Noticed a bag of meat
    16 | D        | Noticed a bag of meat
    16 | D        | Noticed a bag of meat
    16 | D        | Noticed a bag of meat
    16 | D        | Noticed a bag of meat
    16 | D        | Noticed a bag of meat
    17 | D        | Noticed a bag of meat
    17 | D        | Noticed a bag of meat
    17 | D        | Noticed a meat berserker
    17 | D        | Noticed a bag of meat
    17 | D        | Noticed a bag of meat
    18 | D        | Noticed a bag of meat
    18 | D        | Noticed a meat berserker
    18 | D        | Noticed a meat berserker
    18 | D        | Noticed a bag of meat
    18 | D        | Noticed a bag of meat
    19 | D        | Killed a bag of meat
    19 | D        | Killed a bag of meat
    19 | D        | Killed a meat berserker
    19 | D        | Reached **** piety under Makhleb
    19 | D        | Noticed a bag of meat
    19 | D        | Noticed a bag of meat
    19 | D        | Noticed a bag of meat
    19 | D        | Noticed a meat berserker
    19 | D        | Noticed a large bag of meat
    20 | D        | Reached XP level 15. HP: 136/136 MP: 4/36
    20 | D        | Killed a meat berserker
    21 | D        | Reached skill level 15 in Conjurations
    21 | D        | Reached skill level 15 in Hexes
    21 | D        | Reached skill level 15 in Summonings
    21 | D        | Reached skill level 15 in Necromancy
    21 | D        | Reached skill level 15 in Translocations
    21 | D        | Reached skill level 15 in Transmutations
    21 | D        | Reached skill level 15 in Fire Magic
    21 | D        | Reached skill level 15 in Ice Magic
    21 | D        | Reached skill level 15 in Air Magic
    21 | D        | Reached skill level 15 in Earth Magic
    21 | D        | Reached skill level 15 in Poison Magic
    21 | D        | Reached XP level 16. HP: 146/146 MP: 4/38
    21 | D        | Reached ***** piety under Makhleb
    21 | D        | Killed a meat berserker
    21 | D        | Killed a large bag of meat
    21 | D        | Killed a meat berserker
    21 | D        | Noticed a meat berserker
    22 | D        | Reached XP level 17. HP: 62/158 MP: 5/41
    22 | D        | Killed a meat berserker
    23 | D        | Reached XP level 18. HP: 141/169 MP: 5/43
    23 | D        | Killed a meat berserker
    23 | D        | Killed a meat berserker
    23 | D        | Reached ****** piety under Makhleb
    25 | D        | Noticed a large bag of meat
    25 | D        | Noticed a meat berserker
    25 | D        | Noticed a meat berserker
    26 | D        | Reached XP level 19. HP: 165/184 MP: 5/47
    27 | D        | Reached skill level 27 in Invocations
    27 | D        | Killed a large bag of meat
    27 | D        | Noticed The Servant
    28 | D        | Reached XP level 20. HP: 139/196 MP: 6/50
    28 | D        | Killed a meat berserker
    28 | D        | Noticed a meat berserker
    28 | D        | Noticed a large bag of meat
    29 | D        | Reached skill level 27 in Fighting
    29 | D        | Reached skill level 27 in Short Blades
    29 | D        | Reached skill level 27 in Long Blades
    29 | D        | Reached skill level 27 in Axes
    29 | D        | Reached skill level 27 in Maces & Flails
    29 | D        | Reached skill level 27 in Polearms
    29 | D        | Reached skill level 27 in Staves
    29 | D        | Reached skill level 27 in Slings
    29 | D        | Reached skill level 27 in Bows
    29 | D        | Reached skill level 27 in Crossbows
    29 | D        | Reached skill level 27 in Throwing
    29 | D        | Reached skill level 27 in Armour
    29 | D        | Reached skill level 27 in Dodging
    29 | D        | Reached skill level 27 in Stealth
    29 | D        | Reached skill level 27 in Shields
    29 | D        | Reached skill level 27 in Unarmed Combat
    29 | D        | Reached skill level 27 in Spellcasting
    29 | D        | Reached skill level 27 in Evocations
    30 | D        | Killed a meat berserker
    30 | D        | Killed a meat berserker
    31 | D        | Reached XP level 21. HP: 188/204 MP: 7/52
    32 | D        | Reached skill level 27 in Conjurations
    32 | D        | Reached skill level 27 in Hexes
    32 | D        | Reached skill level 27 in Summonings
    32 | D        | Reached skill level 27 in Necromancy
    32 | D        | Reached skill level 27 in Translocations
    32 | D        | Reached skill level 27 in Transmutations
    32 | D        | Reached skill level 27 in Fire Magic
    32 | D        | Reached skill level 27 in Ice Magic
    32 | D        | Reached skill level 27 in Air Magic
    32 | D        | Reached skill level 27 in Earth Magic
    32 | D        | Reached skill level 27 in Poison Magic
    32 | D        | Noticed a meat berserker
    32 | D        | Noticed a large bag of meat
    33 | D        | Killed a meat berserker
    35 | D        | Noticed a destroyer
    36 | D        | Noticed a meat berserker
    37 | D        | Killed a large bag of meat
    37 | D        | HP: 5/204 [spore (54)]
    37 | D        | Engulfed by a cloud of flame

Illustrated notes

Levels and vault maps discovered:
D:        meatsprint

Skill      XL: |  1  2  3  4  5  6  7  8  9 10 11 12 13 14 15 16 17 18 19 20 21 |
---------------+----------------------------------------------------------------+-----
Fighting       | 12 15 16 18 19 21 22 25 26 27 | 27.0
Short Blades   | 11 13 14 17 18 20 21 24 26 27 | 27.0
Long Blades    | 11 13 14 17 18 20 21 24 26 27 | 27.0
Axes           | 11 13 14 17 18 20 21 24 26 27 | 27.0
Maces & Flails | 11 13 14 17 18 20 21 24 26 27 | 27.0
Polearms       | 11 13 14 17 18 20 21 24 26 27 | 27.0
Staves         | 11 13 14 17 18 20 21 24 26 27 | 27.0
Slings         | 11 13 14 17 18 20 21 24 26 27 | 27.0
Bows           | 11 13 14 17 18 20 21 24 26 27 | 27.0
Crossbows      | 11 13 14 17 18 20 21 24 26 27 | 27.0
Throwing       | 11 13 14 17 18 20 21 24 26 27 | 27.0
Armour         | 11 13 14 17 18 20 21 24 26 27 | 27.0
Dodging        | 12 15 16 18 19 21 22 25 26 27 | 27.0
Stealth        | 12 14 15 17 18 20 22 24 26 27 | 27.0
Shields        | 11 13 14 17 18 20 21 24 26 27 | 27.0
Unarmed Combat | 12 15 16 18 19 21 22 25 26 27 | 27.0
Spellcasting   | 11 13 14 17 18 20 21 24 26 27 | 27.0
Conjurations   | 9 11 12 14 15 17 18 21 22 25 27 | 27.0
Hexes          | 9 11 12 14 15 17 18 21 22 25 27 | 27.0
Summonings     | 9 11 12 14 15 17 18 21 22 25 27 | 27.0
Necromancy     | 9 11 12 14 15 17 18 21 22 25 27 | 27.0
Translocations | 9 11 12 14 15 17 18 21 22 25 27 | 27.0
Transmutations | 9 11 12 14 15 17 18 21 22 25 27 | 27.0
Fire Magic     | 9 11 12 14 15 17 18 21 22 25 27 | 27.0
Ice Magic      | 9 11 12 14 15 17 18 21 22 25 27 | 27.0
Air Magic      | 9 11 12 14 15 17 18 21 22 25 27 | 27.0
Earth Magic    | 9 11 12 14 15 17 18 21 22 25 27 | 27.0
Poison Magic   | 9 11 12 14 15 17 18 21 22 25 27 | 27.0
Invocations    | 12 14 16 18 19 22 23 26 27 | 27.0
Evocations     | 11 13 14 17 18 20 21 24 26 27 | 27.0

Action                   |  1- 3 |  4- 6 |  7- 9 | 10-12 | 13-15 | 16-18 | 19-21 || total
-------------------------+-------+-------+-------+-------+-------+-------+-------++-------
Melee: Executioner's axe |     1 |       |       |     2 |     4 |     5 |     7 ||    19

Table legend: (Time is in decaauts)
 A = Elapsed time spent in this place.
 B = Non-inter-level travel time spent in this place.
 C = Inter-level travel time spent in this place.
 D = Time resting spent in this place.
 E = Time spent auto-exploring this place.
 F = Levels seen in this place.
 G = Mean time per level.
                   A        B        C        D        E       F      G
               +--------+--------+--------+--------+--------+-----+--------+
         Total |     36 |     36 |      0 |      0 |      0 |   1 |   36.0 |
       Dungeon |     36 |     36 |      0 |      0 |      0 |   1 |   36.0 |
               +--------+--------+--------+--------+--------+-----+--------+

Top non-repeatable levels by time:
       D: 36 daAuts
